 Dungeon Crawl Stone Soup version 0.20.0 (webtiles) character file.

231114 MatthieuS the Necromancer (level 19, -15/154 HPs)
             Began as a Hill Orc Necromancer on May 30, 2017.
             Was the Champion of Ru.
             Demolished by a vault warden
             ... wielding a +0 bardiche of pain
             ... summoned by a boggart
              (45 damage)
             ... on level 1 of the Vaults on June 1, 2017.
             The game lasted 06:37:07 (56087 turns).

MatthieuS the Necromancer (Hill Orc Necromancer)   Turns: 56087, Time: 06:37:08

Health: -15/154    AC: 17    Str: 15    XL:     19   Next: 4%
Magic:  3/28       EV: 17    Int: 36    God:    Ru [******]
Gold:   933        SH:  0    Dex: 13    Spells: 1/46 levels left

rFire    + . .     SeeInvis +   D - +9 quick blade of Chaos {chaos, rC+++ MP-9 Int+10 Dex-4}
rCold    + + +     Gourm    .   (shield unavailable)
rNeg     . . .     Faith    .   X - +1 leather armour of Kumm {rElec Int+4}
rPois    +         Spirit   .   i - +2 helmet
rElec    +         Reflect  +   P - scarf {rC+ rF+}
rCorr    .         Harm     .   v - +2 pair of gloves "Wist" {rPois Dex+6}
MR       .....     Clarity  +   f - +5 pair of boots of the Little Devil {+Inv rC- Int+3}
Stlth    +.........             H - +5 amulet of reflection
Regen    0.4/turn               (ring unavailable)
MPRegen  0.3/turn               L - ring of see invisible

@: confused, no scrolls, hasted (expiring), drained, very quick
A: clarity, clumsy 1, screaming 1, strong 1, inability to read while threatened,
missing a hand, no earth magic, no hexes magic, no translocations magic, magic
vulnerability 1
}: 2/15 runes: barnacled, gossamer
a: Draw Out Power, Power Leap, Apocalypse, Renounce Religion, Evoke Invisibility


You were on level 1 of the Vaults.
You worshipped Ru.
Ru was exalted by your worship.
You were not hungry.

You visited 6 branches of the dungeon, and saw 32 of its levels.
You visited 1 bazaar.
You also visited: Labyrinth, Bailey and Ice Cave.

You collected 3685 gold pieces.
You spent 2752 gold pieces at shops.

Inventory:

Hand Weapons
 e - the +8 short sword of Disarray {pierce, MR+ Dex+5 Stlth+}
   (You found it on level 2 of the Lair of Beasts)

   It inflicts extra damage upon your enemies.
   It affects your dexterity (+5).
   It affects your resistance to hostile enchantments.
   It makes you more stealthy.
 D - the +9 quick blade of Chaos (weapon) {chaos, rC+++ MP-9 Int+10 Dex-4}
   (You found it on level 6 of the Lair of Beasts)

   Each time it hits an enemy it has a different, random effect.
   It affects your intelligence (+10).
   It affects your dexterity (-4).
   It renders you almost immune to cold.
   It affects your magic capacity (-9).
Armour
 f - the +5 pair of boots of the Little Devil (worn) {+Inv rC- Int+3}
   (You acquired it on level 8 of the Dungeon)

   It affects your intelligence (+3).
   It makes you vulnerable to cold.
   It lets you turn invisible.
 i - a +2 helmet (worn)
 v - the +2 pair of gloves "Wist" (worn) {rPois Dex+6}
   (You acquired it in a bailey)

   It affects your dexterity (+6).
   It protects you from poison.
 P - a scarf of resistance (worn)
 X - the +1 leather armour of Kumm (worn) {rElec Int+4}
   (You took it off a merfolk siren on level 1 of the Shoals)

   It affects your intelligence (+4).
   It insulates you from electricity.
Magical Staves
 a - an uncursed staff of wizardry
 R - an uncursed staff of power
Jewellery
 b - a +4 ring of evasion
 h - the ring "Uholuc" {rElec rN+}
   (You found it on level 4 of the Shoals)

   [ring of positive energy]

   It insulates you from electricity.
   It protects you from negative energy.
 s - a +5 ring of dexterity
 B - an uncursed ring of stealth
 C - an uncursed ring of protection from magic
 E - an uncursed ring of resist corrosion
 H - a +5 amulet of reflection (around neck)
 L - a ring of see invisible (right hand)
Wands
 u - a wand of iceblast (1/15)
 A - a wand of acid (6/15)
 O - a wand of paralysis (15/24)
 T - a wand of disintegration (13/24)
 W - a wand of digging (3/24)
 Z - a wand of confusion (9/48)
Scrolls
 j - 4 scrolls of blinking
 k - 2 scrolls of teleportation
 m - a scroll of summoning
 n - a scroll of holy word
 w - 3 scrolls of identify
 x - 4 scrolls of brand weapon
 I - a scroll of fog
 J - 7 scrolls of recharging
 K - 4 scrolls of enchant armour
 S - 5 scrolls of remove curse
 U - 9 scrolls of enchant weapon
 Y - 3 scrolls of fear
Potions
 d - a potion of ambrosia
 q - a potion of flight
 r - 4 potions of curing
 F - 4 potions of brilliance (quivered)
 N - a potion of magic
Books
 l - a book of Power

   Spells                             Type                      Level
   a - Iskenderun's Battlesphere      Conjuration/Charms           5
   b - Venom Bolt                     Conjuration/Poison           5
   c - Bolt of Magma                  Conjuration/Fire/Earth       5
   d - Iron Shot                      Conjuration/Earth            6
   e - Orb of Destruction             Conjuration                  7
   f - Spellforged Servitor           Conjuration/Summoning        7
 p - a book of the Tempests

   Spells                             Type                      Level
   a - Static Discharge               Conjuration/Air              3
   b - Lightning Bolt                 Conjuration/Air              5
   c - Ignition                       Fire                         8
   d - Tornado                        Air                          9
   e - Shatter                        Earth                        9
 M - a book of the Sky

   Spells                             Type                      Level
   a - Summon Lightning Spire         Summoning/Air                4
   b - Silence                        Hexes/Air                    5
   c - Deflect Missiles               Charms/Air                   6
   d - Conjure Ball Lightning         Conjuration/Air              6
   e - Tornado                        Air                          9
Miscellaneous
 g - a lightning rod (4/4)
 Q - a lamp of fire
Comestibles
 c - 10 bread rations
 y - 7 chunks of flesh
 z - 7 meat rations
 V - 14 royal jellies


   Skills:
 - Level 10.1(9.4) Fighting
 + Level 12.9(12.1) Short Blades
 - Level 6.4(5.7) Armour
 + Level 10.6(9.9) Dodging
 + Level 9.2(8.5) Stealth
 + Level 0.2(0.0) Unarmed Combat
 - Level 14.0(13.2) Spellcasting
 * Level 3.7(3.1) Conjurations
 - Level 1.3(0.7) Charms
 * Level 8.4(7.7) Summonings
 - Level 15.2(14.3) Necromancy
 - Level 3.0(2.4) Ice Magic
 - Level 1.4(0.8) Air Magic
 - Level 1.0(0.5) Poison Magic
 + Level 1.3(0.7) Evocations


You had one spell level left.
You knew the following spells:

 Your Spells              Type           Power        Failure   Level  Hunger
a - Summon Ice Beast      Ice/Summ       ######..     2%          4    None
b - Summon Lightning Spi  Summ/Air       ######..     3%          4    None
c - Vampiric Draining     Necr           #######...   0%          3    None
d - Regeneration          Chrm/Necr      ######....   1%          3    None
e - Animate Dead          Necr           N/A          1%          4    None
f - Control Undead        Necr           #######...   1%          4    None
g - Mephitic Cloud        Conj/Pois/Air  ####....     3%          3    None
h - Agony                 Necr           #######.     1%          5    None
i - Bolt of Draining      Conj/Necr      ######....   1%          5    None
j - Static Discharge      Conj/Air       #####...     2%          3    None
k - Spellforged Servitor  Conj/Summ      ######....   87%         7    #####..


Dungeon Overview and Level Annotations

Branches:
Dungeon (15/15)            Temple (0/1) D:7            Lair (6/6) D:8
 Shoals (4/4) Lair:3       Spider (4/4) Lair:2        Slime (0/5) Lair:5
    Orc (2/2) D:10            Elf (0/3) Orc:2        Vaults (1/5) D:14
 Depths (0/5) D:15

Altars:
Cheibriados
Dithmenos
Fedhas
Makhleb
Nemelex Xobeh
Okawaru
Qazlal
Ru
Uskayaw
Yredelemnul
Zin
The Shining One
Beogh

Shops:
D:15 *   Orc:2 !(}=*   Shoals:4 !

Annotations:
Shoals:4 1 runed door


Innate Abilities, Weirdness & Mutations

You are clumsy. (Dex -2)
You cannot read scrolls while threatened.
You are missing a hand.
You cannot study or cast Earth magic.
You cannot study or cast Hexes magic.
You cannot study or cast Translocations magic.
You are slightly vulnerable to magic. (MR-)
You possess an exceptional clarity of mind.
You occasionally shout uncontrollably at your foes.
Your muscles are strong. (Str +2)


Message History

The vault warden is heavily wounded.
The manticore is engulfed in noxious fumes.
The vault warden is engulfed in noxious fumes.
The vault warden hits you with a bardiche of pain!!!
* * * LOW HITPOINT WARNING * * *
You writhe in agony.
* * * LOW HITPOINT WARNING * * *
You feel much better.
The vault guard is engulfed in noxious fumes.
The vault guard hits you but does no damage.
The vault warden is engulfed in noxious fumes.
The vault warden closely misses you.
The manticore is engulfed in noxious fumes.
The manticore appears confused.
You don't have enough magic at the moment.
You are confused.
You feel invigorated.
The vault warden is engulfed in noxious fumes.
The vault warden hits you with a bardiche of pain!!!
You die...

+...' #..#
.oo## #..#
#####o.#. #..#
#...#..' #..#
..'o.# #..#
#(.####..#
#.)(..)))#
#####)#####((#
#....p#§@§#..#
####.§pp8.#..#
#..'.H#§§.#..#
#..########..#
#.. #..# #.
#..# #. #..#


You could see an ironheart preserver, a vault warden (berserk), a manticore
shaped shifter (confused) and a friendly lightning spire.

Vanquished Creatures
  Arachne (Spider:4)
  Jorgrun (Shoals:4)
  Kirke (Shoals:3)
  A frost giant (D:15)
  Ilsuiw (Shoals:4)
  2 ghost moths
  6 emperor scorpions
  An ironheart preserver (Vaults:1)
  2 entropy weavers (Spider:2)
  The ghost of Majestic the Fencer, a journeyman MiBe of Trog (Lair:2)
  2 minotaurs
  2 fire dragons (Vaults:1)
  An ettin (shapeshifter) (Spider:4)
  A merfolk javelineer (Shoals:4)
  6 merfolk impalers
  A great orb of eyes (Spider:4)
  A yaktaur captain (Vaults:1)
  Fannar (Lair:1)
  2 hydras
  3 merfolk avatars
  An ice dragon (shapeshifter) (D:15)
  6 vault guards (D:14)
  5 centaur warriors
  3 catoblepae
  3 merfolk aquamancers
  Erica (Lair:1)
  4 death scarabs (Spider:4)
  A satyr (Shoals:3)
  7 death yaks (Lair:6)
  11 two-headed ogres
  2 tengu warriors (D:14)
  Urug (Lair:2)
  A spectral emperor scorpion (Spider:4)
  5 skeletal warriors (D:15)
  7 sea snakes
  2 unseen horrors (D:15)
  A wizard (Vaults:1)
  2 orc knights
  An ironbrand convoker (D:14)
  3 wolf spider zombies (Spider:4)
  4 deep elf archers
  A spectral wolf spider (Spider:4)
  Pikel (D:4)
  5 harpies
  22 ugly things
  6 orc sorcerers
  16 orb spiders
  23 wolf spiders
  5 deep elf magi
  6 cyclopes
  11 manticores
  4 oklob plants (Lair:1)
  2 slime creatures (D:12)
  5 fauns
  4 moths of wrath
  8 merfolk sirens
  Psyche (D:12)
  4 black mambas
  Maurice (D:10)
  A gargoyle (D:15)
  A water nymph (Shoals:3)
  A spiny frog (shapeshifter) (Vaults:1)
  14 spiny frogs
  3 ice statues (IceCv)
  2 torpor snails
  A rime drake (Lair:5)
  10 demonic crawlers
  An efreet (D:15)
  2 kobold demonologists
  A komodo dragon (shapeshifter) (D:12)
  3 yaktaurs (Vaults:1)
  7 komodo dragons
  A polar bear (Lair:6)
  8 trolls
  18 merfolk
  Grinder (D:5)
  31 jumping spiders
  2 spectral jumping spiders (Spider:4)
  2 spectral tarantellas (Spider:4)
  A raiju (Spider:4)
  15 dream sheep
  5 hornets
  7 snapping turtles
  14 blink frogs
  A jumping spider zombie (Spider:4)
  13 hippogriffs
  A shadow (D:13)
  5 water elementals
  24 tarantellas
  7 wyverns
  71 redbacks
  51 yaks
  A vampire (D:9)
  3 vampire mosquitoes
  4 basilisks
  A hog (Shoals:4)
  Menkaure (D:5)
  Edmund (D:4)
  3 hungry ghosts
  5 wargs
  Duvessa (D:7)
  4 water moccasins
  2 spectral hornets (Spider:4)
  6 porcupines
  6 sky beasts
  4 black bears
  14 ice beasts
  A phantom (D:10)
  An eye of draining (D:9)
  22 orc warriors
  6 boggarts
  A necrophage (D:12)
  8 wolves
  15 crocodiles
  8 ogres
  20 centaurs
  14 bullfrogs
  3 big kobolds
  A wyvern zombie (D:9)
  2 gnoll sergeants
  7 earth elementals (D:14)
  A water moccasin zombie (D:10)
  Dowan (D:6)
  4 scorpions
  A wyvern skeleton (D:8)
  A water moccasin skeleton (D:11)
  3 killer bees (D:7)
  A troll skeleton (Lab)
  3 wights
  2 spriggan skeletons (Lab)
  5 electric eels
  3 howler monkeys
  10 crimson imps
  4 centaur zombies
  A quasit (D:15)
  An iron imp (D:6)
  5 hounds
  13 jellies
  16 orc priests
  38 orc wizards
  4 centaur skeletons
  6 iguanas
  4 hell rats
  8 worker ants
  Ijyb (D:5)
  A howler monkey zombie (D:9)
  A worker ant zombie (D:8)
  Robin (D:4)
  11 adders
  19 gnolls
  A howler monkey skeleton (D:5)
  3 shadow imps
  11 white imps (Orc:2)
  4 oozes
  2 adder skeletons
  4 worms
  2 dart slugs (D:1)
  6 leopard geckos
  103 orcs
  14 bats
  7 giant cockroaches
  28 goblins
  8 hobgoblins
  12 jackals
  2 quokkas
  2 ball pythons (D:1)
  A ball python skeleton (D:4)
  5 frilled lizards
  3 goblin skeletons (D:6)
  A goblin zombie (D:6)
  3 hobgoblin zombies (D:6)
  6 kobolds
  A kobold skeleton (D:6)
  2 kobold zombies (D:6)
  An orc skeleton (D:6)
  An orc zombie (D:6)
  A quokka skeleton (D:7)
  A quokka zombie (D:10)
  2 rats (D:3)
  4 plants
1133 creatures vanquished.

Vanquished Creatures (collateral kills)
  Donald (Shoals:1)
  Louise (Shoals:1)
  A deep elf sorcerer (Vaults:1)
  An entropy weaver (Spider:2)
  A spark wasp (Spider:4)
  2 merfolk javelineers
  A merfolk impaler (Shoals:4)
  2 vault guards (D:14)
  2 hydras
  A catoblepas (Lair:6)
  An alligator snapping turtle (Shoals:4)
  4 death scarabs (Spider:4)
  A merfolk avatar (Shoals:2)
  A merfolk aquamancer (Shoals:4)
  A satyr (Shoals:2)
  3 deep elf knights
  A sea snake (Shoals:4)
  A deep elf archer (Vaults:1)
  2 spectral wolf spiders (Spider:4)
  3 harpies (Shoals:3)
  3 orc knights (Bailey)
  11 wolf spiders
  3 orc sorcerers (Orc:2)
  4 orb spiders
  3 manticores
  A cyclops (Shoals:4)
  An ugly thing (D:14)
  A moth of wrath (Spider:4)
  3 elephants (Shoals:3)
  4 fauns
  A torpor snail (Spider:3)
  A gargoyle (D:11)
  5 merfolk sirens
  A spectral redback (Spider:4)
  An efreet (D:13)
  3 demonic crawlers
  A yaktaur (shapeshifter) (Vaults:1)
  A redback zombie (Spider:4)
  11 jumping spiders
  3 meliai (Shoals:3)
  2 hornets
  A spectral jumping spider (Spider:4)
  A wind drake (Shoals:4)
  A blink frog (Lair:3)
  A spectral tarantella (Spider:4)
  6 merfolk
  3 snapping turtles
  A hippogriff (Shoals:2)
  2 tarantella zombies (Spider:4)
  5 dream sheep (Lair:6)
  A jumping spider zombie (Spider:4)
  46 redbacks
  A hog (Shoals:4)
  9 tarantellas
  8 yaks
  2 hungry ghosts
  A vampire mosquito (D:15)
  2 wargs (Orc:2)
  A porcupine (Lair:2)
  A soldier ant (D:13)
  4 orc warriors
  2 ice beasts
  An ogre (Orc:2)
  An eye of draining (D:12)
  A boggart (Vaults:1)
  A centaur (Shoals:4)
  A big kobold (D:15)
  A bullfrog (Lair:1)
  A wight (D:6)
  A hound (D:11)
  13 orc wizards
  A howler monkey zombie (D:9)
  A white imp (Orc:2)
  37 orcs
  A giant cockroach (D:2)
  A hobgoblin (D:3)
  2 kobolds
  4 plants
262 creatures vanquished.

Vanquished Creatures (others)
  A merfolk javelineer (Shoals:4)
  Harold (Lair:2)
  A centaur warrior (D:15)
  An alligator snapping turtle (Shoals:3)
  A wolf spider (Spider:2)
  A manticore (Shoals:2)
  An orc sorcerer (Orc:2)
  An elephant (Lair:4)
  A moth of wrath (Spider:4)
  A merfolk siren (Shoals:2)
  A komodo dragon (Lair:6)
  A spectral redback (Spider:4)
  A yaktaur (D:15)
  A demonic crawler (Spider:3)
  2 merfolk (Shoals:2)
  2 jumping spiders
  A dream sheep (Lair:5)
  2 hippogriffs
  A tarantella zombie (Spider:4)
  A blink frog (Lair:6)
  3 redbacks
  2 humans (Shoals:4)
  2 porcupines
  An orc warrior (Orc:1)
  3 centaurs
  2 crocodiles
  A wight (D:5)
  A troll skeleton (Lab)
  A jelly (D:11)
  A centaur skeleton (D:5)
  2 orc wizards (Orc:2)
  A hell rat (Lair:6)
  An adder (D:8)
  3 gnolls
  4 orcs
  A fire vortex (D:14)
  7 fungi
  23 plants
82 creatures vanquished.

Grand Total: 1477 creatures vanquished

Notes
Turn   | Place    | Note
-------+----------+-------------------------------------------
     0 | D:1      | MatthieuS the Hill Orc Necromancer began the quest for the Orb.
     0 | D:1      | Reached XP level 1. HP: 14/14 MP: 3/3
   107 | D:1      | Reached XP level 2. HP: 8/20 MP: 1/4
   650 | D:1      | Learned a level 1 spell: Animate Skeleton
  1101 | D:1      | Reached XP level 3. HP: 22/26 MP: 1/5
  1978 | D:2      | Reached XP level 4. HP: 30/34 MP: 2/7
  2158 | D:2      | Learned a level 3 spell: Vampiric Draining
  2814 | D:2      | Reached skill level 1 in Fighting
  3106 | D:2      | Reached skill level 1 in Short Blades
  3583 | D:2      | Found a sacrificial altar of Ru.
  3696 | D:2      | Became a worshipper of Ru the Awakened
  3775 | D:3      | Reached XP level 5. HP: 36/40 MP: 5/8
  3897 | D:3      | Learned a level 3 spell: Regeneration
  3926 | D:3      | Reached skill level 5 in Necromancy
  5148 | D:4      | Gained mutation: You are missing a hand. [Ru sacrifice]
  5148 | D:4      | Reached * piety under Ru
  5148 | D:4      | Reached ** piety under Ru
  5193 | D:4      | Reached XP level 6. HP: 38/47 MP: 1/10
  5267 | D:4      | Found a stormy altar of Qazlal.
  5431 | D:4      | Found a glowing silver altar of Zin.
  5431 | D:4      | Noticed an angel
  5484 | D:4      | Found an iron altar of Okawaru.
  5498 | D:4      | Noticed Edmund
  5533 | D:4      | Killed Edmund
  5533 | D:4      | Reached skill level 1 in Armour
  5603 | D:4      | Noticed Robin
  5643 | D:4      | Killed Robin
  5643 | D:4      | Reached XP level 7. HP: 51/53 MP: 11/11
  5647 | D:4      | Reached skill level 6 in Necromancy
  5713 | D:4      | Noticed Pikel
  5729 | D:4      | Killed Pikel
  5729 | D:4      | Reached XP level 8. HP: 41/61 MP: 7/14
  5760 | D:4      | Learned a level 4 spell: Animate Dead
  6354 | D:5      | Entered Level 5 of the Dungeon
  6378 | D:5      | Noticed Grinder
  6401 | D:5      | Killed Grinder
  6505 | D:5      | Reached skill level 7 in Necromancy
  6554 | D:5      | Learned a level 4 spell: Control Undead
  7154 | D:5      | Noticed Menkaure
  7170 | D:5      | Killed Menkaure
  7170 | D:5      | Reached skill level 5 in Spellcasting
  7470 | D:5      | Reached XP level 9. HP: 63/70 MP: 16/16
  7785 | D:5      | Noticed Ijyb
  7795 | D:5      | Killed Ijyb
  8115 | D:5      | Gained mutation: You cannot study or cast Earth magic. [Ru sacrifice]
  8115 | D:5      | Gained mutation: You cannot study or cast Hexes magic. [Ru sacrifice]
  8115 | D:5      | Gained mutation: You cannot study or cast Translocations magic. [Ru sacrifice]
  8115 | D:5      | Reached *** piety under Ru
  8273 | D:6      | Reached skill level 8 in Necromancy
  8436 | D:6      | Found a glowing golden altar of the Shining One.
 10702 | D:7      | Noticed Duvessa
 10706 | D:7      | Noticed Dowan
 10728 | D:7      | Killed Duvessa
 10746 | D:6      | Reached skill level 9 in Necromancy
 10948 | D:6      | Killed Dowan
 11317 | D:7      | Reached XP level 10. HP: 75/78 MP: 19/19
 11331 | D:7      | Found a staircase to the Ecumenical Temple.
 11915 | D:7      | Gained mutation: You cannot read scrolls while threatened. [Ru sacrifice]
 11915 | D:7      | Reached **** piety under Ru
 11915 | D:7      | Reached ***** piety under Ru
 11919 | D:7      | Found a sparkling altar of Nemelex Xobeh.
 11967 | D:7      | Found a snail-covered altar of Cheibriados.
 12279 | D:8      | Noticed a two-headed ogre
 12301 | D:7      | Killed a two-headed ogre
 12585 | D:8      | Noticed a two-headed ogre
 12588 | D:8      | Reached skill level 1 in Evocations
 12623 | D:8      | Killed a two-headed ogre
 12623 | D:8      | Reached skill level 10 in Necromancy
 13012 | D:8      | Found a staircase to the Lair.
 13048 | D:8      | Identified a scroll of acquirement
 13051 | D:8      | Got a pair of transparent boots
 13058 | D:8      | Identified the +5 pair of boots of the Little Devil {+Inv rC- Int+3} (You acquired it on level 8 of the Dungeon)
 13066 | D:8      | Found a shadowy altar of Dithmenos.
 13330 | D:8      | Found an iron altar of Okawaru.
 13363 | D:8      | Found a burning altar of Makhleb.
 13376 | D:8      | Found a blossoming altar of Fedhas.
 13442 | D:8      | Noticed a two-headed ogre
 13497 | D:8      | Killed a two-headed ogre
 13497 | D:8      | Reached skill level 5 in Fighting
 13497 | D:8      | Reached XP level 11. HP: 26/86 MP: 6/22
 13992 | D:9      | Noticed a two-headed ogre
 14019 | D:9      | Killed a two-headed ogre
 14197 | D:9      | Noticed a two-headed ogre
 14221 | D:9      | Killed a two-headed ogre
 14221 | D:9      | Reached skill level 11 in Necromancy
 14451 | D:9      | Noticed a deep elf mage
 14681 | D:9      | Found a basalt altar of Yredelemnul.
 14884 | D:9      | Noticed a two-headed ogre
 14917 | D:9      | Killed a two-headed ogre
 15065 | D:9      | Noticed a two-headed ogre
 15106 | D:9      | Killed a two-headed ogre
 15106 | D:9      | Reached skill level 5 in Dodging
 15108 | D:9      | Reached skill level 5 in Armour
 15918 | D:10     | Entered Level 10 of the Dungeon
 16065 | D:10     | Noticed a two-headed ogre
 16079 | D:10     | Killed a two-headed ogre
 16079 | D:10     | Reached XP level 12. HP: 75/94 MP: 19/24
 16165 | D:10     | Noticed a two-headed ogre
 16175 | D:10     | Killed a two-headed ogre
 16216 | D:10     | Noticed Maurice
 16243 | D:10     | Killed Maurice
 16426 | D:10     | Noticed a two-headed ogre
 16448 | D:10     | Killed a two-headed ogre
 16781 | D:10     | Reached skill level 5 in Short Blades
 16788 | D:10     | Found a staircase to the Orcish Mines.
 16794 | D:10     | Found a roughly hewn altar of Beogh.
 16996 | D:10     | Noticed a two-headed ogre
 17017 | D:10     | Killed a two-headed ogre
 17017 | D:10     | Reached skill level 12 in Necromancy
 17782 | D:11     | Gained mutation: You are slightly vulnerable to magic. (MR-) [Ru sacrifice]
 18167 | D:11     | Learned a level 4 spell: Summon Ice Beast
 18172 | D:11     | Learned a level 4 spell: Summon Lightning Spire
 18176 | D:11     | Learned a level 3 spell: Call Canine Familiar
 18353 | D:11     | Reached skill level 1 in Summonings
 18375 | D:11     | Got a brightly glowing chain mail
 18389 | D:11     | Identified the cursed +0 chain mail of Mioguej {Str+4 Int+3} (You found it on level 11 of the Dungeon)
 18679 | Lair:1   | Entered Level 1 of the Lair of Beasts
 18802 | Lair:1   | Got a translucent leather armour
 19152 | Lair:1   | Identified the cursed +1 leather armour of Discretion {rF- rN+ Dex+4} (You found it on level 1 of the Lair of Beasts)
 19171 | Lair:1   | Reached XP level 13. HP: 103/103 MP: 26/26
 19192 | Lair:1   | Noticed Erica
 19214 | Lair:1   | Killed Erica
 19624 | Lair:1   | Noticed Fannar
 19665 | Lair:1   | Killed Fannar
 20068 | Lair:2   | Noticed Majestic's ghost (journeyman MiBe)
 20147 | Lair:2   | Killed Majestic's ghost
 20333 | Lair:2   | Found a labyrinth entrance.
 20344 | Lab      | Entered a labyrinth
 20796 | Lab      | Noticed a minotaur
 20827 | Lab      | Killed a minotaur
 20958 | Lab      | Identified the Catalogue of Beguiling and Black Arts
 20960 | Lab      | Got a polished ring mail
 21016 | Lair:2   | Gained mutation: You are clumsy. (Dex -2) [Ru sacrifice]
 21016 | Lair:2   | Reached ****** piety under Ru
 21041 | Lair:2   | Identified the +1 ring mail of Koph {rC+++ Str-3 Dex+2 Stlth+} (You found it in a labyrinth)
 21053 | Lair:2   | Found a hole to the Spider Nest.
 21060 | Lair:2   | Noticed Harold
 21115 | Lair:2   | Killed Harold
 21350 | Lair:2   | Noticed Urug
 21387 | Lair:2   | Killed Urug
 21675 | Lair:2   | Got a steaming short sword
 21678 | Lair:2   | Identified the +8 short sword of Disarray {pierce, MR+ Dex+5 Stlth+} (You found it on level 2 of the Lair of Beasts)
 22383 | Lair:3   | Found a staircase to the Shoals.
 22515 | Lair:3   | Learned a level 5 spell: Agony
 22965 | Lair:4   | Got a scorched chain mail
 22966 | Lair:4   | Identified the cursed +1 chain mail of Royalty {+Inv Str-2 Dex+7} (You found it on level 4 of the Lair of Beasts)
 23695 | Lair:4   | Reached skill level 10 in Spellcasting
 23924 | Lair:5   | Reached skill level 1 in Charms
 24320 | Lair:5   | Reached skill level 5 in Summonings
 24535 | Lair:5   | Found a staircase to the Slime Pits.
 25274 | Lair:6   | Entered Level 6 of the Lair of Beasts
 25284 | Lair:6   | Reached XP level 14. HP: 98/113 MP: 28/28
 25284 | Lair:6   | Reached skill level 5 in Stealth
 25651 | Lair:6   | Reached skill level 13 in Necromancy
 26706 | Lair:6   | Reached skill level 1 in Ice Magic
 27458 | Lair:6   | Got a warped quick blade
 27523 | Lair:6   | Identified the +9 quick blade of Chaos {chaos, rC+++ MP-9 Int+10 Dex-4} (You found it on level 6 of the Lair of Beasts)
 27876 | Lair:6   | Learned a level 5 spell: Bolt of Draining
 28641 | Orc:1    | Entered Level 1 of the Orcish Mines
 28753 | Orc:1    | Learned a level 3 spell: Mephitic Cloud
 28769 | Orc:2    | Entered Level 2 of the Orcish Mines
 28770 | Orc:2    | Found a staircase to the Elven Halls.
 28835 | Orc:2    | Found Oches's Quality Used Wands.
 29113 | Orc:2    | Found a frozen archway.
 29160 | IceCv    | Entered an ice cave
 29486 | Orc:2    | Reached XP level 15. HP: 121/121 MP: 21/30
 29583 | Orc:2    | Found Vathraom's Distillery.
 29745 | Orc:2    | Found Muxum's Weapon Emporium.
 29755 | Orc:2    | Bought a potion of magic for 88 gold pieces
 29755 | Orc:2    | Bought a potion of magic for 88 gold pieces
 29755 | Orc:2    | Bought a potion of magic for 88 gold pieces
 29755 | Orc:2    | Bought a potion of brilliance for 44 gold pieces
 30122 | Orc:2    | Paralysed by an orc sorcerer for 6 turns
 30228 | Orc:2    | Found Hic Ysyokhle's General Store.
 30228 | Orc:2    | Found Barras's Jewellery Boutique.
 30264 | Orc:2    | Bought a +5 amulet of reflection for 659 gold pieces
 30306 | Orc:2    | Found a roughly hewn altar of Beogh.
 31252 | Orc:1    | Found a roughly hewn altar of Beogh.
 32539 | D:12     | Noticed Psyche
 32552 | D:12     | Killed Psyche
 33610 | D:13     | Found a flagged portal.
 33648 | Bailey   | Entered a bailey
 34235 | Bailey   | Got a pair of encrusted gloves
 34246 | Bailey   | Identified the +2 pair of gloves "Wist" {rPois Dex+6} (You acquired it in a bailey)
 35290 | D:14     | Found a gate to the Vaults.
 35409 | D:14     | Reached skill level 10 in Short Blades
 36776 | D:15     | Entered Level 15 of the Dungeon
 36906 | D:15     | Reached XP level 16. HP: 120/132 MP: 22/31
 36941 | D:15     | Found Zuicof's Assorted Antiques.
 37001 | D:15     | Gained mutation: Armour fits poorly on your strangely shaped body. [potion of mutation]
 37001 | D:15     | Gained mutation: You are partially covered in large bone plates. (SH +4) [potion of mutation]
 37001 | D:15     | Gained mutation: You evolve. [potion of mutation]
 37002 | D:15     | Lost mutation: Armour fits poorly on your strangely shaped body. [potion of mutation]
 37002 | D:15     | Lost mutation: You evolve. [potion of mutation]
 37002 | D:15     | Lost mutation: You are partially covered in large bone plates. (SH +4) [potion of mutation]
 37002 | D:15     | Gained mutation: Your body sometimes deteriorates upon taking damage. [potion of mutation]
 37002 | D:15     | Gained mutation: You are frail. (-10% HP) [potion of mutation]
 37002 | D:15     | Gained mutation: You have a pair of small horns on your head. [potion of mutation]
 37003 | D:15     | Lost mutation: You are frail. (-10% HP) [potion of mutation]
 37003 | D:15     | Lost mutation: Your body sometimes deteriorates upon taking damage. [potion of mutation]
 37003 | D:15     | Gained mutation: You have sharp toenails. [potion of mutation]
 37003 | D:15     | Gained mutation: You are frail. (-10% HP) [potion of mutation]
 37003 | D:15     | Gained mutation: Your mind is acute. (Int +2) [potion of mutation]
 37004 | D:15     | Lost mutation: Your mind is acute. (Int +2) [potion of mutation]
 37004 | D:15     | Lost mutation: You are frail. (-10% HP) [potion of mutation]
 37004 | D:15     | Lost mutation: You have a pair of small horns on your head. [potion of mutation]
 37004 | D:15     | Lost mutation: You have sharp toenails. [potion of mutation]
 37004 | D:15     | Gained mutation: You possess an exceptional clarity of mind. [potion of mutation]
 37004 | D:15     | Gained mutation: You occasionally shout uncontrollably at your foes. [potion of mutation]
 37004 | D:15     | Gained mutation: Your muscles are strong. (Str +2) [potion of mutation]
 37612 | D:15     | Found a staircase to the Depths.
 38036 | D:15     | Reached skill level 14 in Necromancy
 38887 | Spider:1 | Entered Level 1 of the Spider Nest
 40260 | Spider:1 | Reached skill level 1 in Air Magic
 41037 | Spider:2 | Learned a level 3 spell: Static Discharge
 42249 | Spider:2 | Reached XP level 17. HP: 92/137 MP: 1/33
 42973 | Spider:3 | Got a brightly glowing cloak
 42984 | Spider:3 | Identified the +1 cloak "Lopruod" {Regen+ Str+4 Stlth-} (You found it on level 3 of the Spider Nest)
 43998 | Spider:3 | Got an ichor-stained ring mail
 44009 | Spider:3 | Identified the +5 ring mail of Reroa {-Cast Int+7} (You found it on level 3 of the Spider Nest)
 44673 | Spider:4 | Entered Level 4 of the Spider Nest
 46397 | Spider:4 | Got an encrusted chain mail
 46408 | Spider:4 | Identified the +1 chain mail "Wokorued" {Str+2 Stlth+} (You found it on level 4 of the Spider Nest)
 46557 | Spider:4 | Noticed Arachne
 46673 | Spider:4 | Killed Arachne
 48525 | Spider:4 | Reached XP level 18. HP: 147/147 MP: 13/35
 48637 | Spider:4 | Reached skill level 10 in Dodging
 48710 | Spider:4 | Got a gossamer rune of Zot
 49218 | Lair:2   | You fall through a shaft!
 49304 | Shoals:1 | Entered Level 1 of the Shoals
 49765 | Shoals:1 | Noticed Donald
 49900 | Shoals:1 | Noticed Louise
 49910 | Shoals:1 | Killed Louise
 49922 | Shoals:1 | Killed Donald
 49922 | Shoals:1 | Reached skill level 15 in Necromancy
 49990 | Shoals:1 | Got an ichor-stained leather armour
 49992 | Shoals:1 | Identified the +1 leather armour of Kumm {rElec Int+4} (You took it off a merfolk siren on level 1 of the Shoals)
 50087 | Shoals:1 | Reached skill level 1 in Conjurations
 50248 | Shoals:2 | Found a flickering gateway to a bazaar.
 50257 | Bazaar   | Entered a bazaar
 50257 | Bazaar   | Found Buzat's Gadget Emporium.
 50258 | Bazaar   | Found Lulam's Assorted Antiques.
 50434 | Bazaar   | Found Vaghir's Book Shop.
 50442 | Bazaar   | Bought a book of Power for 630 gold pieces
 50442 | Bazaar   | Bought the Grimoire of Combat Magic and the Oath for 1015 gold pieces
 50454 | Bazaar   | Found Qid Usad's Book Boutique.
 51677 | Shoals:3 | Found a hide-covered altar of Uskayaw.
 52353 | Shoals:4 | Entered Level 4 of the Shoals
 52360 | Shoals:4 | Noticed Kirke
 52360 | Shoals:4 | Noticed Ilsuiw
 52402 | Shoals:3 | Killed Kirke
 52532 | Shoals:3 | Reached skill level 10 in Fighting
 52590 | Shoals:4 | Found Qots's Distillery.
 52621 | Shoals:4 | Bought a potion of heal wounds for 70 gold pieces
 52621 | Shoals:4 | Bought a potion of heal wounds for 70 gold pieces
 52818 | Shoals:4 | Reached skill level 1 in Poison Magic
 52846 | Shoals:4 | Killed Ilsuiw
 53357 | Shoals:4 | Found a runed door.
 53517 | Shoals:4 | Noticed Jorgrun
 53519 | Shoals:4 | Got a slimy turquoise ring
 53534 | Shoals:4 | Killed Jorgrun
 53556 | Shoals:4 | Got a barnacled rune of Zot
 53560 | Shoals:4 | Identified the ring "Uholuc" {rElec rN+} (You found it on level 4 of the Shoals)
 55219 | Vaults:1 | Entered Level 1 of the Vaults
 55706 | Vaults:1 | Paralysed by a wizard for 2 turns
 55864 | Vaults:1 | Learned a level 7 spell: Spellforged Servitor
 55956 | Vaults:1 | Reached XP level 19. HP: 102/154 MP: 2/37
 56042 | Vaults:1 | Paralysed by an orc sorcerer for 6 turns
 56087 | Vaults:1 | Demolished by a vault warden

Skill      XL: |  1  2  3  4  5  6  7  8  9 10 11 12 13 14 15 16 17 18 |
---------------+-------------------------------------------------------+-----
Spellcasting   | 2 3 4 5 6 7 8 9 10 11 12 13 14 | 14.0
Dodging        | 2 3 4 5 6 7 9 10 | 10.6
Fighting       | 1 2 3 5 6 7 8 9 10 | 10.1
Short Blades   | 1 2 4 6 8 9 10 11 12 | 12.9
Necromancy     | 5 6 7 9 10 11 12 13 14 15 | 15.2
Armour         | 1 2 3 4 5 6 |  6.4
Stealth        | 2 3 4 5 6 8 9 |  9.2
Evocations     | 1 |  1.3
Summonings     | 2 5 6 7 8 |  8.4
Charms         | 1 |  1.3
Ice Magic      | 3 |  3.0
Air Magic      | 1 |  1.4
Conjurations   | 3 |  3.7
Poison Magic   | 1 |  1.0
Unarmed Combat | |  0.2

Action                   |  1- 3 |  4- 6 |  7- 9 | 10-12 | 13-15 | 16-18 | 19-21 || total
-------------------------+-------+-------+-------+-------+-------+-------+-------++-------
Melee: Unarmed           |    19 |       |       |       |       |       |       ||    19
       Dagger            |   137 |   260 |   405 |   950 |   334 |       |       ||  2086
       Staff             |       |       |     5 |       |     1 |     2 |       ||     8
       Short sword       |       |       |       |       |   723 |    60 |       ||   783
       Quick blade       |       |       |       |       |  1270 |  2038 |    50 ||  3358
Throw: Throwing net      |       |       |       |     1 |       |       |       ||     1
 Cast: Pain              |    47 |   111 |   127 |   111 |       |       |       ||   396
       Animate Skeleton  |       |     7 |     6 |     1 |       |       |       ||    14
       Vampiric Draining |       |     5 |    13 |   118 |   113 |    81 |     2 ||   332
       Control Undead    |       |       |     3 |     3 |     6 |     7 |     1 ||    20
       Animate Dead      |       |       |     7 |    20 |    38 |   105 |     3 ||   173
       Regeneration      |       |       |       |     9 |    14 |    22 |       ||    45
       Call Canine Famil |       |       |       |     1 |    13 |       |       ||    14
       Agony             |       |       |       |       |    84 |    65 |     2 ||   151
       Summon Ice Beast  |       |       |       |       |    46 |    98 |     1 ||   145
       Bolt of Draining  |       |       |       |       |    18 |    42 |       ||    60
       Summon Lightning  |       |       |       |       |     2 |    58 |     3 ||    63
       Mephitic Cloud    |       |       |       |       |    14 |    35 |       ||    49
       Static Discharge  |       |       |       |       |       |     4 |       ||     4
Invok: Sacrifice a Hand  |       |     1 |       |       |       |       |       ||     1
       Draw Out Power    |       |       |     1 |     3 |     3 |     2 |       ||     9
       Sacrifice Arcana  |       |       |     1 |       |       |       |       ||     1
       Sacrifice Words   |       |       |       |     1 |       |       |       ||     1
       Apocalypse        |       |       |       |     1 |     1 |     2 |       ||     4
       Power Leap        |       |       |       |     1 |       |     1 |       ||     2
       Sacrifice Essence |       |       |       |     1 |       |       |       ||     1
       Sacrifice Purity  |       |       |       |       |     1 |       |       ||     1
Evoke: Wand              |       |       |     1 |     8 |     2 |     3 |       ||    14
       Sack of spiders   |       |       |       |       |     1 |       |       ||     1
  Use: Scroll            |     4 |     9 |     3 |    19 |    20 |    15 |       ||    70
       Potion            |       |     4 |     2 |     5 |    15 |    33 |     6 ||    65
 Stab: Invisible         |       |       |     1 |     3 |    13 |    21 |       ||    38
       Paralysed         |       |       |     3 |     6 |    22 |    26 |     1 ||    58
       Distracted        |       |       |     1 |     4 |    12 |    19 |     2 ||    38
       Sleeping          |       |       |       |     3 |    13 |    18 |       ||    34
       Petrified         |       |       |       |       |     6 |     2 |       ||     8
       Confused          |       |       |       |       |     9 |    23 |       ||    32
       Petrifying        |       |       |       |       |     5 |    13 |       ||    18
  Eat: Chunk             |     5 |    13 |    10 |    19 |    39 |    11 |     1 ||    98
       Bread ration      |       |       |     2 |     2 |       |     1 |       ||     5
       Fruit             |       |       |     2 |     8 |    32 |    47 |       ||    89
       Meat ration       |       |       |       |       |     2 |     2 |       ||     4
Armor: Robe              |    98 |    70 |       |       |       |       |       ||   168
       Leather armour    |       |    60 |   130 |   416 |   148 |    89 |     9 ||   852
       Skin              |       |       |     7 |       |       |       |       ||     7
       Chain mail        |       |       |       |    50 |   454 |       |       ||   504
       Ring mail         |       |       |       |       |    63 |   529 |       ||   592
Dodge: Dodged            |   164 |   177 |   271 |   608 |   702 |   862 |    18 ||  2802
Block: Other             |       |       |       |       |    99 |   280 |     3 ||   382
       Reflection        |       |       |       |       |     7 |    17 |     1 ||    25
